 Dungeon Crawl Stone Soup version 0.29-a0-352-g0917bc69df (webtiles) character file.

Game seed: 18437819903055933462

9766 Grim the Destroyer (level 11, -3/59 HPs)
             Began as a Deep Elf Conjurer on Apr 24, 2022.
             Was an Initiate of Gozag.
             Slain by Snorg (10 damage)
             ... on level 10 of the Dungeon.
             The game lasted 00:39:38 (17379 turns).

Grim the Destroyer (Deep Elf Conjurer)             Turns: 17379, Time: 00:39:40

Health: -3/59      AC:  7    Str:  8    XL:     11   Next: 27%
Magic:  7/17       EV: 18    Int: 22    God:    Gozag
Gold:   1896       SH:  0    Dex: 17    Spells: 2/16 levels left

rFire   + + .      SeeInvis .   y - staff of conjuration
rCold   + . .      Faith    .   (no shield)
rNeg    . . .      Spirit   .   x - +1 robe
rPois   +          Reflect  .   I - +2 helmet "Epozigoo" {rPois rC+ Dex+4}
rElec   .          Harm     .   (no cloak)
rCorr   .          Rampage  +   (no gloves)
Will    ++...                   k - +0 pair of boots of the Thinker {Rampage rPois rF++ Int-2}
Stlth   ++........              u - amulet of the acrobat
HPRegen 0.19/turn               z - +4 ring of slaying
MPRegen 0.15/turn               f - ring of willpower

@: no status effects
A: no striking features
a: Renounce Religion, Potion Petition, Call Merchant, Bribe Branch


You were on level 10 of the Dungeon.
You worshipped Gozag.
Gozag was most pleased with you.
You visited 2 branches of the dungeon, and saw 11 of its levels.

You collected 2218 gold pieces.
You spent 266 gold pieces at shops.
You paid 56 gold pieces to Gozag.

Inventory:

Hand Weapons
 q - the +6 quarterstaff of Uclu {venom, rCorr Int+4}
   (You found it on level 7 of the Dungeon)

   It poisons the flesh of those it strikes.
   Int:       It affects your intelligence (+4).
   rCorr:     It protects you from acid and corrosion.
Missiles
 i - 3 silver javelins
 s - 21 poisoned darts
 H - 3 boomerangs
Armour
 k - the +0 pair of boots of the Thinker (worn) {Rampage rPois rF++ Int-2}
   (You found it on level 2 of the Dungeon)

   Int:       It affects your intelligence (-2).
   rF:        It greatly protects you from fire.
   rPois:     It protects you from poison.
   Rampage:   It bestows one free step when moving towards enemies.
 x - a +1 robe (worn)
 I - the +2 helmet "Epozigoo" (worn) {rPois rC+ Dex+4}
   (You bought it in a shop on level 7 of the Dungeon)

   Dex:       It affects your dexterity (+4).
   rC:        It protects you from cold.
   rPois:     It protects you from poison.
Magical Staves
 y - a staff of conjuration (weapon)
Jewellery
 f - a ring of willpower (right hand)
 n - a ring of positive energy
 u - an amulet of the acrobat (around neck)
 z - a +4 ring of slaying (left hand)
 J - a ring of wizardry
Wands
 a - a wand of flame (65)
 g - a wand of acid (3)
 l - a wand of paralysis (6)
 w - a wand of mindburst (12)
 K - a wand of charming (5)
Scrolls
 c - 2 scrolls of vulnerability
 m - 2 scrolls of enchant weapon
 p - 2 scrolls of fog
 r - 2 scrolls of immolation {unknown}
 t - a scroll of torment {unknown}
 v - a scroll of summoning {unknown}
 B - a scroll of holy word {unknown}
 E - a scroll of identify
 F - 3 scrolls of teleportation
Potions
 b - a potion of magic
 d - 2 potions of haste
 e - 5 potions of curing
 h - a potion of degeneration {unknown}
 j - a potion of cancellation
 o - 5 potions of attraction
 A - a potion of lignification {unknown}
 C - a potion of ambrosia {unknown}
 D - 3 potions of might
 G - a potion of mutation {unknown}


   Skills:
 * Level 2.7 Fighting
 + Level 1.2 Staves
 - Level 10.0 Dodging
 - Level 2.4 Stealth
 - Level 3.0 Spellcasting
 + Level 13.9 Conjurations
 - Level 10.1 Hexes
 - Level 5.2 Translocations


You had 2 spell levels left.
You knew the following spells:

 Your Spells              Type           Power      Damage    Failure   Level
a - Magic Dart            Conj           100%       1d8       1%          1
b - Searing Ray           Conj           100%       2d8       1%          2
c - Fulminant Prism       Conj/Hex       35%        3d18      1%          4
d - Dazzling Flash        Conj/Hex       100%       N/A       1%          3
e - Iskenderun's Mystic   Conj/Tloc      62%        2d13      2%          4

Your spell library contained the following spells:

 Spells                   Type           Power      Damage    Failure   Level
 Sandblast                Erth           6%         2d5       12%         1
 Passwall                 Tmut/Erth      2%         N/A       19%         2
 Stone Arrow              Conj/Erth      100%       3d13      2%          3
 Silence                  Hex/Air        12%        N/A       41%         5
 Agony                    Necr           3%         N/A       98%         5


Dungeon Overview and Level Annotations

Branches:
Dungeon (10/15)            Temple (1/1) D:5
   Lair: D:8-11         Orc: D:9-12

Altars:
Ashenzari
Cheibriados
Dithmenos
Elyvilon
Fedhas
Gozag
Hepliaklqana
Kikubaaqudgha
Makhleb
Nemelex Xobeh
Okawaru
Qazlal
Ru
Sif Muna
Trog
Uskayaw
Vehumet
Wu Jian
Xom
Zin
The Shining One

Shops:
D:7 [   D:9 =

Annotations:
D:10 Snorg


Message History

The mystic blast hits Snorg!
Snorg is severely wounded.
Snorg is knocked back by the mystic blast.
Casting: Iskenderun's Mystic Blast (dangerous; 2% risk of failure)
Confirm with . or Enter, or press ? or * to list all spells.
Aiming: Searing Ray (safe; 1% risk of failure)
Press: ? - help, Shift-Dir - straight line, f/p - Snorg
Aim: Snorg (severely wounded, berserk, 83% to hit)
You feel a surge of power!
The searing ray hits Snorg.
Snorg is severely wounded. (Press . to maintain the ray.) Snorg closely misses you.
Snorg claws you! Snorg closely misses you.
The searing ray hits Snorg!
Snorg is severely wounded.
Snorg closely misses you. x2; Snorg completely misses you.
The searing ray hits Snorg!
Snorg is severely wounded.
Snorg barely misses you.
Snorg misses you. x2; Snorg completely misses you.
Snorg closely misses you. Snorg misses you.
The searing ray hits Snorg.
Snorg is almost dead.
You finish channelling your searing ray.
Snorg misses you. Snorg claws you! Snorg completely misses you.
Casting: Searing Ray (safe; 1% risk of failure)
Confirm with . or Enter, or press ? or * to list all spells.
Aiming: Searing Ray (safe; 1% risk of failure)
Press: ? - help, Shift-Dir - straight line, f/p - Snorg
Aim: Snorg (almost dead, berserk, 83% to hit)
You feel a surge of power!
The searing ray hits Snorg.
Snorg is almost dead. (Press . to maintain the ray.) Snorg bites you but does no damage.
Snorg misses you. Snorg claws you.
* * * LOW HITPOINT WARNING * * *
Snorg bites you!
* * * LOW HITPOINT WARNING * * *
Snorg claws you!
* * * LOW HITPOINT WARNING * * *
Snorg claws you!
You die...
Your body crumbles into a pile of gold.

#≈≈≈≈≈≈≈≈≈##.≈..≈≈≈≈≈≈≈≈≈≈≈
#≈≈≈≈≈≈≈≈≈≈≈≈≈≈≈≈≈≈≈≈≈≈≈≈≈≈
#≈≈≈≈≈≈≈≈≈≈≈≈≈≈≈≈≈≈≈≈≈≈≈≈≈≈
#≈≈≈≈≈≈≈≈≈≈≈≈≈≈≈≈≈≈≈≈≈≈≈≈≈.
#≈≈≈≈.≈≈≈.≈≈≈≈≈≈≈≈≈.≈≈≈≈≈#
#≈≈≈#..≈...≈≈.≈≈.##.....###
#####......#..≈≈.###......#
##.......#...#.###......#
#'......@#...#..).......#
##.......T.###.)###+#####
#....##.#.###...........
#.......#...............
#.......#####...........
#.......................
#...#.....###...........
#####................##.
#................##.


You could see Snorg (berserk).

Vanquished Creatures
  A two-headed ogre (D:8)
  Amaemon (D:8)
  Pikel (D:5)
  An orange demon (D:8)
  Maggie (D:6)
  Psyche (D:8)
  Sigmund (D:2)
  A wyvern (D:8)
  15 yaks
  A vampire (D:8)
  2 steam dragons
  2 acid dragons
  Duvessa (D:5)
  A water moccasin (D:7)
  4 orc warriors
  2 black bears
  3 sky beasts
  8 centaurs
  2 phantoms
  A lemure (D:5)
  3 kobold brigands
  2 bullfrogs
  3 necrophages
  2 scorpions
  5 wights (D:7)
  Dowan (D:5)
  8 killer bees
  3 electric eels (D:10)
  A gnoll shaman (D:8)
  6 hounds
  A jelly (D:3)
  6 orc priests
  3 iguanas
  11 orc wizards
  Robin (D:2)
  12 gnolls
  5 adders
  An ufetubus (D:4)
  A worm (D:2)
  3 dart slugs
  30 orcs
  6 bats
  7 endoplasms
  6 giant cockroaches
  15 goblins
  12 hobgoblins
  5 quokkas
  A ball python (D:1)
  4 frilled lizards
  16 kobolds
  10 rats
240 creatures vanquished.

Vanquished Creatures (others)
  37 fulminant prisms
37 creatures vanquished.

Grand Total: 277 creatures vanquished

Notes
Turn   | Place    | Note
-------+----------+-------------------------------------------
     0 | D:1      | Grim the Deep Elf Conjurer began the quest for the Orb.
     0 | D:1      | Reached XP level 1. HP: 10/10 MP: 6/6
   169 | D:1      | Reached XP level 2. HP: 15/15 MP: 6/8
   198 | D:1      | Learned a level 2 spell: Searing Ray
   218 | D:1      | Reached skill level 5 in Conjurations
   802 | D:1      | Found a faded altar of an unknown god.
  1046 | D:2      | Noticed Sigmund
  1317 | D:2      | Reached XP level 3. HP: 19/19 MP: 6/9
  1431 | D:2      | Noticed Robin
  1716 | D:2      | Killed Robin
  1894 | D:2      | Killed Sigmund
  1895 | D:2      | Reached skill level 7 in Conjurations
  1895 | D:2      | Reached XP level 4. HP: 9/24 MP: 4/10
  1895 | D:2      | Reached XP level 5. HP: 11/28 MP: 4/11
  2623 | D:2      | Found an iron altar of Okawaru.
  3012 | D:2      | Learned a level 4 spell: Fulminant Prism
  3049 | D:2      | Identified the +0 pair of boots of the Thinker {Rampage
                  | rPois rF++ Int-2}
  3366 | D:3      | Reached XP level 6. HP: 32/32 MP: 4/12
  3367 | D:3      | Reached skill level 8 in Conjurations
  3367 | D:3      | Reached skill level 1 in Hexes
  5626 | D:4      | Learned a level 3 spell: Dazzling Flash
  5857 | D:5      | Entered Level 5 of the Dungeon
  6072 | D:5      | Reached XP level 7. HP: 36/36 MP: 8/13
  6332 | D:5      | Reached skill level 5 in Hexes
  6430 | D:5      | Noticed Pikel
  6891 | D:5      | Noticed a yak
  6891 | D:5      | Noticed a yak
  6891 | D:5      | Noticed a yak
  7071 | D:5      | Noticed a yak
  7071 | D:5      | Noticed a yak
  7075 | D:5      | Noticed a yak
  7093 | D:5      | Killed a yak
  7094 | D:5      | Reached skill level 9 in Conjurations
  7315 | D:5      | Reached XP level 8. HP: 36/41 MP: 7/14
  7777 | D:5      | Killed Pikel
  7778 | D:5      | Reached skill level 10 in Conjurations
  8040 | D:5      | Identified 2 scrolls of acquirement
  8041 | D:5      | Acquired a staff of conjuration
  8045 | D:5      | Acquired 779 gold pieces
  8217 | D:5      | Reached skill level 11 in Conjurations
  8285 | D:5      | Reached XP level 9. HP: 45/45 MP: 6/15
  8726 | D:5      | Noticed Dowan
  8726 | D:5      | Noticed Duvessa
  8734 | D:5      | Killed Dowan
  8740 | D:5      | Killed Duvessa
  8999 | D:5      | Found a staircase to the Ecumenical Temple.
  9058 | Temple   | Entered the Ecumenical Temple
  9365 | Temple   | Became a worshipper of Gozag Ym Sagoz the Greedy
  9467 | D:6      | Reached skill level 12 in Conjurations
  9556 | D:6      | Learned a level 4 spell: Iskenderun's Mystic Blast
  9709 | D:6      | Noticed Maggie
  9719 | D:6      | Killed Maggie
  9720 | D:6      | Reached skill level 10 in Hexes
 10300 | D:6      | Reached skill level 1 in Translocations
 10653 | D:7      | Identified the +6 quarterstaff of Uclu {venom, rCorr Int+4}
 11146 | D:7      | Reached skill level 5 in Dodging
 11247 | D:7      | Reached XP level 10. HP: 41/50 MP: 6/16
 11745 | D:7      | Found Weddu's Antique Armour Emporium.
 11750 | D:7      | Bought a masterwork helmet for 266 gold pieces
 11750 | D:7      | Identified the +2 helmet "Epozigoo" {rPois rC+ Dex+4} (You
                  | bought it in a shop on level 7 of the Dungeon)
 11772 | D:7      | Found a hide-covered altar of Uskayaw.
 11773 | D:7      | Noticed a +0 dagger
 11773 | D:7      | Noticed a +0 hand axe
 12233 | D:8      | Reached skill level 13 in Conjurations
 12377 | D:8      | Found a large runed translucent door.
 12380 | D:8      | Found a large runed translucent door.
 12428 | D:8      | Found a sparkling altar of Nemelex Xobeh.
 12485 | D:8      | Found a sacrificial altar of Ru.
 12594 | D:8      | Noticed Amaemon
 12616 | D:8      | Noticed an orange demon
 12964 | D:8      | Found a hazy altar of Hepliaklqana.
 13062 | D:8      | Noticed Psyche
 13072 | D:8      | Killed Psyche
 13403 | D:8      | Noticed a two-headed ogre
 13406 | D:8      | Killed an orange demon
 13644 | D:8      | Killed a two-headed ogre
 13645 | D:8      | Reached skill level 5 in Translocations
 13766 | D:8      | Killed Amaemon
 14144 | D:8      | Reached skill level 1 in Fighting
 14840 | D:9      | Reached XP level 11. HP: 56/56 MP: 8/17
 15743 | D:9      | Found a white marble altar of Elyvilon.
 16097 | D:9      | Reached skill level 10 in Dodging
 16303 | D:9      | Found Aguel's Jewellery Shop.
 16500 | D:9      | Found a blossoming altar of Fedhas.
 16518 | D:9      | Found a radiant altar of Vehumet.
 16751 | D:10     | Entered Level 10 of the Dungeon
 16801 | D:10     | Reached skill level 1 in Staves
 17080 | D:10     | Noticed Snorg
 17379 | D:10     | Slain by Snorg

Illustrated notes

Levels and vault maps discovered:
D:1:      elethiomel_arrival_quiet, layout_loops_ring,
          hellmonk_ecumenical_altar_leap_of_faith,
          chequers_serial_rivers_micro_a
D:2:      layout_loops_ring, basic_altar, uniq_sigmund, uniq_robin
D:3:      layout_basic
D:4:      layout_gridville
D:5:      layout_cave_pods, minmay_temple_entry_hall, uniq_pikel, uniq_duvessa
D:6:      layout_basic, portal_sewer_entry_e, uniq_maggie
D:7:      layout_loops_ring, dancing_weapons_uskayaw, serial_shops, shop
D:8:      nicolae_cairo_tiling, layout_basic, jmf_multi_god_temple2,
          kennysheep_mini_moat, enter_bailey_3, minmay_misc_feat_iff,
          minmay_fractal_squares_gapless_5, uniq_amaemon, uniq_psyche
D:9:      layout_grid_maze, marbit_many_paths, grunt_temple_overflow_open,
          dk_noncrumbling_2, kennysheep_small_square
D:10:     layout_basic, mainiacjoe_overflow_small_starburst, serial_shops,
          nicolae_shop_hallway_stairs, uniq_snorg, uniq_nergalle
Temple:   eino_temple_water

Skill      XL: |  1  2  3  4  5  6  7  8  9 10 11 |
---------------+----------------------------------+-----
Conjurations   | 5 7 8 9 11 12 13 | 13.9
Hexes          | 4 7 9 10 | 10.1
Dodging        | 5 9 10 | 10.0
Translocations | 2 5 |  5.2
Fighting       | 1 2 |  2.7
Staves         | 1 |  1.2
Stealth        | |  2.4
Spellcasting   | |  3.0

Action                   |  1- 3 |  4- 6 |  7- 9 | 10-12 || total
-------------------------+-------+-------+-------+-------++-------
Melee: Spear             |       |    10 |    22 |       ||    32
       Staff             |       |       |       |     2 ||     2
 Cast: Magic Dart        |    58 |    96 |   108 |    77 ||   339
       Searing Ray       |     2 |    10 |    39 |    40 ||    91
       Fulminant Prism   |       |     1 |    18 |    18 ||    37
       Dazzling Flash    |       |       |     3 |       ||     3
       Iskenderun's Myst |       |       |     1 |    19 ||    20
  Use: Scroll            |       |       |    14 |     4 ||    18
       Potion            |       |       |     2 |     4 ||     6
Armor: Robe              |     1 |     1 |    16 |    12 ||    30
Dodge: Dodged            |     5 |    15 |    90 |   179 ||   289

Table legend: (Time is in decaauts)
 A = Elapsed time spent in this place.
 B = Non-inter-level travel time spent in this place.
 C = Inter-level travel time spent in this place.
 D = Time resting spent in this place.
 E = Time spent auto-exploring this place.
 F = Levels seen in this place.
 G = Mean time per level.
                   A        B        C        D        E       F      G
               +--------+--------+--------+--------+--------+-----+--------+
         Total |  17412 |  16885 |    527 |   7885 |   6915 |  11 | 1582.9 |
       Dungeon |  17089 |  16590 |    499 |   7885 |   6716 |  10 | 1708.9 |
        Temple |    323 |    295 |     28 |      0 |    199 |   1 |  323.0 |
               +--------+--------+--------+--------+--------+-----+--------+

Top non-repeatable levels by time:
     D:8: 2608 daAuts
     D:5: 2573 daAuts
     D:9: 1832 daAuts
     D:2: 1786 daAuts
     D:4: 1694 daAuts
     D:1: 1661 daAuts
     D:7: 1614 daAuts
     D:3: 1393 daAuts
     D:6: 1295 daAuts
    D:10: 629 daAuts
  Temple: 323 daAuts
